 Dungeon Crawl Stone Soup version 0.31-a0-1111-ga3525b893c (webtiles) character file.

Game seed: 14128545824318293868

552 kae the Sneak (level 7, -2/50 HPs)
             Began as a Demonspawn Enchanter on Dec 3, 2023.
             Slain by a black bear (4 damage)
             ... on level 4 of the Dungeon.
             The game lasted 00:08:24 (4089 turns).

kae the Sneak (Demonspawn Enchanter)                Turns: 4089, Time: 00:08:24

Health: -2/50      AC: 10    Str:  8    XL:     7   Next: 8%
Magic:  3/11       EV: 11    Int: 18    God:
Gold:   238        SH:  0    Dex: 16    Spells: 4/12 levels left

rFire   . . .        a - +2 dagger (vamp)
rCold   . . .        (no shield)
rNeg    . . .        p - +1 leather armour of the Well-Known Tables {Int+3}
rPois   .            (no helmet)
rElec   .            (no cloak)
rCorr   .            i - +0 pair of gloves
SInv    .            h - +1 pair of boots
Will    .....        (no amulet)
Stlth   +++          (no ring)
HPRegen 0.28/turn    (no ring)
MPRegen 0.24/turn

%: no passive effects
@: very slightly contaminated
A: hooves 1, icy blue scales 2, magic regeneration
a: no special abilities


You were on level 4 of the Dungeon.
You visited 1 branch of the dungeon, and saw 4 of its levels.
You also visited: Sewer.

You collected 238 gold pieces.


Innate Abilities, Weirdness & Mutations

You have large cloven feet.
You are mostly covered in icy blue scales. (AC +3)
You regenerate magic rapidly.


   Skills:
 + Level 2.2 Fighting
 * Level 3.2 Short Blades
 * Level 0.3 Armour
 - Level 1.7 Dodging
 * Level 4.4 Stealth
 + Level 3.0 Spellcasting
 + Level 3.8 Hexes
 * Level 2.7 Ice Magic


You had 4 spell levels left.
You knew the following spells:

 Your Spells              Type           Power      Damage    Failure   Level
a - Ensorcelled Hibernat  Hex/Ice        28%        N/A       9%          2
b - Confusing Touch       Hex            16%        N/A       14%         3
c - Tukima's Dance        Hex            16%        N/A       14%         3

Your spell library contained the following spells:

 Spells                   Type           Power      Damage    Failure   Level
 Dazzling Flash           Conj/Hex       18%        N/A       32%         3
 Cigotuvi's Dreadful Rot  Necr/Pois/Air  4%         N/A       34%         2
 Sublimation of Blood     Necr           2%         N/A       34%         2
 Dispel Undead            Necr           2%         3d7       92%         4
 Petrify                  Tmut/Erth      2%         N/A       92%         4
 Irradiate                Conj/Tmut      1%         3d12      99%         5
 Death Channel            Necr           1%         N/A       100%        6

Inventory:

Hand Weapons
 a - a +2 vampiric dagger (weapon)
Missiles
 d - 47 stones
 j - 9 poisoned darts
 r - a throwing net {=f!f}
Armour
 b - a +0 robe
 h - a +1 pair of boots (worn)
   (You found it on level 2 of the Dungeon)
 i - a +0 pair of gloves (worn)
   (You found it on level 2 of the Dungeon)
 p - the +1 leather armour of the Well-Known Tables (worn) {Int+3}
   (You took it off an orc on level 4 of the Dungeon)

   Int+3:     It affects your intelligence (+3).
Magical Staves
 q - a staff of poison {!a}
   (You found it on level 4 of the Dungeon)
Jewellery
 O - a +4 ring of protection
   (You found it on level 4 of the Dungeon)
Scrolls
 o - a scroll of poison {unknown}
Potions
 c - a potion of invisibility
 e - a potion of curing {@q1}
 f - 2 potions of haste {@q3}
 g - a potion of enlightenment
 k - a potion of cancellation {unknown}
 l - a potion of lignification {unknown}
 m - 3 potions of ambrosia {unknown}
 n - 2 potions of resistance {unknown}
 s - a potion of attraction {unknown}

Dungeon Overview and Level Annotations

Branches:
Dungeon (4/15) Zot: 20794   Sewer (visited)
 Temple: D:4-7

Altars:

Shops:
D:3 ((

Annotations:
D:2 Sigmund

####### #.....# #.....#
#.....# #.....# #.....#
####..h..# ##..###@### ####
#.........# ...##
#........########## ....#
#........#........# ....#
#....[[..'........# ....#
#....)...#........#
...########..##...#........#
...##...#....##...#........#
..................#...)....#


You could see a black bear (berserk).


Message History

You lost 2 mp, and now have 4/11 mp.
Casting: Ensorcelled Hibernation (safe; 9% risk of failure)
Confirm with . or Enter, or press ? or * to list all spells.
Aiming: Ensorcelled Hibernation (safe; 9% risk of failure)
Press: ? - help, Shift-Dir - straight line, f/p - black bear
Aim: a black bear (moderately wounded, chance to affect: 48%)
The black bear resists with some effort.
The black bear barely misses you.
The black bear claws you but does no damage. x2 😕 MP[-2]
You lost 2 mp, and now have 2/11 mp.
Casting: Ensorcelled Hibernation (safe; 9% risk of failure)
Confirm with . or Enter, or press ? or * to list all spells.
Aiming: Ensorcelled Hibernation (safe; 9% risk of failure)
Press: ? - help, Shift-Dir - straight line, f/p - black bear
Aim: a black bear (moderately wounded, chance to affect: 48%)
You miscast Ensorcelled Hibernation.
Nothing appears to happen.
The black bear bites you.
The black bear claws you but does no damage. x2 😕 HP[-6] MP[-2]
You take 6 damage, and now have 39/50 hp.
You lost 2 mp, and now have 0/11 mp.
Casting: Ensorcelled Hibernation (safe; 9% risk of failure)
Confirm with . or Enter, or press ? or * to list all spells.
You don't have enough magic to cast this spell.
Casting: Ensorcelled Hibernation (safe; 9% risk of failure)
Confirm with . or Enter, or press ? or * to list all spells.
You don't have enough magic to cast this spell.
You hit the black bear.
You feel better.
The black bear bites you but does no damage.
The black bear claws you but does no damage. x2 😕 HP[+3] MP[+1]
You regained 3 hp, and now have 42/50 hp.
You hit the black bear.
You feel better. The black bear closely misses you.
The black bear claws you but does no damage.
The black bear claws you. 😕 HP[-2]
You take 2 damage, and now have 40/50 hp.
Unknown command.
You hit the black bear.
You feel better. The black bear bites you.
The black bear claws you but does no damage. x2 😮 HP[-3]
You take 3 damage, and now have 37/50 hp.
You hit the black bear.
The black bear goes berserk!
You hit the black bear. The black bear bites you! The black bear claws you.
* * * LOW HITPOINT WARNING * * *
The black bear claws you.
* * * LOW HITPOINT WARNING * * *
😨 HP[-14]
You take 14 damage, and now have 23/50 hp.
MASSIVE DAMAGE!! (PAUSE)
You barely miss the black bear. The black bear bites you.
* * * LOW HITPOINT WARNING * * *
The black bear claws you but does no damage. x2 😨 HP[-6] MP[+1]
You take 6 damage, and now have 17/50 hp.
You hit the black bear.
You feel better. The black bear closely misses you.
The black bear barely misses you.
The black bear closely misses you. 😨 HP[+1] Unknown command.
You hit the black bear.
You feel better.
The black bear bites you but does no damage.
The black bear claws you but does no damage.
The black bear barely misses you.
The black bear bites you but does no damage.
The black bear claws you but does no damage. x2 😨 HP[+1]
You hit the black bear but do no damage.
The black bear bites you but does no damage.
The black bear barely misses you.
The black bear claws you but does no damage. 😨 HP[+1]
You hit the black bear.
You feel better. The black bear barely misses you.
The black bear claws you but does no damage. x2 😨 HP[+2]
You regained 2 hp, and now have 22/50 hp.
You barely miss the black bear.
The black bear bites you but does no damage.
The black bear claws you.
* * * LOW HITPOINT WARNING * * *
The black bear claws you but does no damage. 😨 HP[-5] MP[+1]
You take 5 damage, and now have 17/50 hp.
You hit the black bear. The black bear barely misses you. x3
You hit the black bear. The black bear barely misses you. x2
The black bear claws you.
* * * LOW HITPOINT WARNING * * *
The black bear bites you!
* * * LOW HITPOINT WARNING * * *
The black bear claws you.
* * * LOW HITPOINT WARNING * * *
The black bear barely misses you.
Unknown command. 😱 HP[-16]
You take 16 damage, and now have 1/50 hp.
MASSIVE DAMAGE!! (PAUSE)
You hit the black bear but do no damage.
The black bear closely misses you. The black bear claws you.
You die...

Skill      XL: |  1  2  3  4  5  6  7 |
---------------+----------------------+-----
Short Blades   | 1 2 3 |  3.2
Stealth        | 3 4 |  4.4
Fighting       | 1 2 |  2.2
Ice Magic      | 1 2 |  2.7
Spellcasting   | 3 |  3.0
Armour         | |  0.3
Dodging        | |  1.7
Hexes          | |  3.8

Action                     |  1- 3 |  4- 6 |  7- 9 || total
---------------------------+-------+-------+-------++-------
  Melee: Dagger            |   161 |   256 |    32 ||   449
         Punch             |     2 |     2 |       ||     4
         Kick              |    10 |       |       ||    10
   Cast: Ensorcelled Hiber |     6 |    38 |     4 ||    48
         Confusing Touch   |       |     1 |       ||     1
    Use: Scroll            |     7 |     4 |       ||    11
         Potion            |       |     1 |       ||     1
   Stab: Sleeping          |     8 |    31 |     1 ||    40
         Invisible         |       |     2 |     2 ||     4
         Confused          |       |     1 |       ||     1
 Armour: Robe              |    64 |   112 |       ||   176
         Leather armour    |       |     9 |    50 ||    59
  Dodge: Dodged            |    91 |   149 |    32 ||   272

Levels and vault maps discovered:
D:1:      sevenhm_arrival_forest_fort_small_6, layout_basic,
          shapermc_ecumenical_altar_mp_vishouse
D:2:      layout_basic, uniq_sigmund
D:3:      layout_loops_ring, serial_shops, nicolae_lakefront_shop,
          nicolae_shop_trees
D:4:      layout_gridville, portal_sewer_entry_d

Notes
Turn   | Place    | Note
-------+----------+-------------------------------------------
     0 | D:1      | kae the Demonspawn Enchanter began the quest for the Orb.
     0 | D:1      | Reached XP level 1. HP: 13/13 MP: 3/3
     0 | D:1      | magus.rc [v1.11.3]
    31 | D:1      | Reached skill level 1 in Short Blades
   274 | D:1      | Gained mutation: You have large cloven feet. [demonic
                  | ancestry]
   274 | D:1      | Reached XP level 2. HP: 19/20 MP: 5/5
   277 | D:1      | Learned a level 2 spell: Ensorcelled Hibernation
   350 | D:1      | Found a faded altar of an unknown god.
   482 | D:1      | Reached skill level 3 in Stealth
   598 | D:1      | You pick up a book of Alchemy and begin reading...
   598 | D:1      | You add the spells Sublimation of Blood, Petrify and
                  | Irradiate to your library.
   727 | D:2      | Noticed Sigmund
   816 | D:2      | Gained mutation: You regenerate magic rapidly. [demonic
                  | ancestry]
   816 | D:2      | Reached XP level 3. HP: 22/25 MP: 6/6
   962 | D:2      | Reached skill level 1 in Fighting
  1248 | D:2      | Reached skill level 1 in Ice Magic
  1427 | D:3      | You pick up a book of Decay and begin reading...
  1427 | D:3      | You add the spells Cigotuvi's Dreadful Rot, Dispel Undead
                  | and Death Channel to your library.
  1542 | D:3      | Reached XP level 4. HP: 32/32 MP: 7/7
  1783 | D:3      | Found Eloj's Weapon Emporium.
  1883 | D:3      | Found Julude's Weapon Shop.
  2243 | D:4      | Reached skill level 2 in Short Blades
  2294 | D:4      | Found a glowing drain.
  2303 | Sewer    | Entered a sewer
  2429 | Sewer    | Noticed a kobold brigand
  2459 | Sewer    | Killed a kobold brigand
  2460 | Sewer    | Gained mutation: You are partially covered in icy blue
                  | scales. (AC +2) [demonic ancestry]
  2460 | Sewer    | Reached XP level 5. HP: 37/37 MP: 3/8
  2742 | Sewer    | Reached skill level 2 in Ice Magic
  2826 | Sewer    | Reached skill level 4 in Stealth
  2826 | Sewer    | Reached XP level 6. HP: 27/44 MP: 6/10
  2931 | Sewer    | Learned a level 3 spell: Confusing Touch
  2935 | Sewer    | Learned a level 3 spell: Tukima's Dance
  3049 | Sewer    | Reached skill level 2 in Fighting
  3275 | D:4      | Reached skill level 3 in Short Blades
  3392 | D:4      | Identified the +1 leather armour of the Well-Known Tables
                  | {Int+3}
  3810 | D:4      | Gained mutation: You are mostly covered in icy blue scales.
                  | (AC +3) [demonic ancestry]
  3810 | D:4      | Reached XP level 7. HP: 50/50 MP: 9/11
  3817 | D:4      | Reached skill level 3 in Spellcasting
  4088 | D:4      | HP: 12/50 [black bear (5)]
  4088 | D:4      | HP: 4/50 [black bear (8)]
  4088 | D:4      | HP: 1/50 [black bear (3)]
  4089 | D:4      | Slain by a black bear

Vanquished Creatures
  2 brain worms (Sewer)
  A kobold brigand (Sewer)
  A sleepcap (D:3)
  An iguana (D:4)
  An orc wizard (D:4)
  4 gnolls (D:4)
  10 adders
  4 river rats (Sewer)
  3 dart slugs
  8 orcs
  3 bats
  10 endoplasms
  A giant cockroach (D:1)
  14 goblins
  6 hobgoblins
  A jackal (Sewer)
  4 quokkas
  11 ball pythons
  7 frilled lizards
  8 kobolds
  7 rats
107 creatures vanquished.

Vanquished Creatures (collateral kills)
  A kobold (D:4)
1 creature vanquished.

Grand Total: 108 creatures vanquished

Table legend:
 A = Non-vault XP
 B = Vault XP
 C = Vault XP percentage of total XP
 D = Non-vault monster count
 E = Vault monster count
 F = Vault count percentage of total count
                 A         B        C        D         E       F
            +---------+---------+-------+---------+---------+-------
      Total |     361 |     428 |  54.2 |      86 |      22 |  20.4
            +---------+---------+-------+---------+---------+-------
        D:1 |      34 |       0 |   0.0 |      18 |       0 |   0.0
        D:2 |      41 |       0 |   0.0 |      24 |       0 |   0.0
        D:3 |      90 |       0 |   0.0 |      19 |       0 |   0.0
        D:4 |     196 |      14 |   6.7 |      25 |       1 |   3.8
      Sewer |       0 |     414 | 100.0 |       0 |      21 | 100.0
            +---------+---------+-------+---------+---------+-------

Skill      XL: |  1  2  3  4  5  6  7 |
---------------+----------------------+-----
Short Blades   | 1 2 3 |  3.2
Stealth        | 3 4 |  4.4
Fighting       | 1 2 |  2.2
Ice Magic      | 1 2 |  2.7
Spellcasting   | 3 |  3.0
Armour         | |  0.3
Dodging        | |  1.7
Hexes          | |  3.8

Action                     |  1- 3 |  4- 6 |  7- 9 || total
---------------------------+-------+-------+-------++-------
  Melee: Dagger            |   161 |   256 |    32 ||   449
         Punch             |     2 |     2 |       ||     4
         Kick              |    10 |       |       ||    10
   Cast: Ensorcelled Hiber |     6 |    38 |     4 ||    48
         Confusing Touch   |       |     1 |       ||     1
    Use: Scroll            |     7 |     4 |       ||    11
         Potion            |       |     1 |       ||     1
   Stab: Sleeping          |     8 |    31 |     1 ||    40
         Invisible         |       |     2 |     2 ||     4
         Confused          |       |     1 |       ||     1
 Armour: Robe              |    64 |   112 |       ||   176
         Leather armour    |       |     9 |    50 ||    59
  Dodge: Dodged            |    91 |   149 |    32 ||   272

Illustrated notes

Table legend:
 A = Kills in this place as a percentage of kills in the entire game.
 B = Kills by you in this place as a percentage of kills by you in the entire game.
 C = Kills by friends in this place as a percentage of kills by friends in the entire game.
 D = Other kills in this place as a percentage of other kills in the entire game.
 E = Experience gained in this place as a percentage of experience gained in the entire game.
 F = Experience gained in this place divided by the number of levels of this place that you have seen.
                   A       B       C       D       E      F
               +-------+-------+-------+-------+-------+----------------------
         Total | 100.0 | 100.0 | 100.0 | 100.0 | 100.0 | 157.8
       Dungeon |  80.6 |  80.2 | 100.0 | 100.0 |  47.5 |  93.8
         Sewer |  19.4 |  19.8 |   0.0 |   0.0 |  52.5 | 414.0
               +-------+-------+-------+-------+-------+----------------------

Table legend: (Time is in decaauts)
 A = Elapsed time spent in this place.
 B = Non-inter-level travel time spent in this place.
 C = Inter-level travel time spent in this place.
 D = Time resting spent in this place.
 E = Time spent auto-exploring this place.
 F = Levels seen in this place.
 G = Mean time per level.
                   A        B        C        D        E       F      G
               +--------+--------+--------+--------+--------+-----+--------+
         Total |   4214 |   4166 |     48 |    132 |   2927 |   5 |  842.8 |
       Dungeon |   3205 |   3157 |     48 |    125 |   2281 |   4 |  801.2 |
         Sewer |   1009 |   1009 |      0 |      7 |    646 |   1 | 1009.0 |
               +--------+--------+--------+--------+--------+-----+--------+

Top non-repeatable levels by time:
   Sewer: 1009 daAuts
     D:4: 945 daAuts
     D:3: 851 daAuts
     D:2: 719 daAuts
     D:1: 688 daAuts
